 Dungeon Crawl Stone Soup version 0.18.1-48-g4cf74bf (webtiles) character file.

63 Alarkh the Insei (level 3, 0/28 HPs)
             Began as a Vampire Chaos Knight on July 23, 2016.
             Slain by a hell hound (shapeshifter) (4 damage)
             ... on level 3 of the Dungeon.
             The game lasted 00:02:53 (1582 turns).

Alarkh the Insei (Vampire Chaos Knight)             Turns: 1582, Time: 00:02:54

Health: 0/28       AC:  7    Str: 11    XL:     3   Next: 89%
Magic:  3/3        EV: 12    Int: 15    God:    Xom [......]
Gold:   60         SH:  0    Dex: 13    Spells: 0 memorised, 2 levels left

rFire  . . .     SeeInvis +       - Unarmed
rCold  . . .     Gourm    .     a - +2 leather armour
rNeg   + . .     Faith    .     (no shield)
rPois  .         Spirit   .     j - +0 helmet
rElec  .         Dismiss  .     (no cloak)
rCorr  .         Reflect  .     i - +0 pair of gloves
SustAt +         Harm     .     (no boots)
MR     .....                    (no amulet)
Stlth  +.........               (no ring)
                                g - ring of sustain attributes

@: invisible, not resistant to hostile enchantments, very unstealthy
A: fangs 3, see invisible, unbreathing
a: Bat Form, Renounce Religion


You were on level 3 of the Dungeon.
You worshipped Xom.
You were a very special plaything of Xom.
You were not thirsty.

You visited 1 branch of the dungeon, and saw 3 of its levels.

You collected 60 gold pieces.

Inventory:

Armour
 a - a +2 leather armour (worn)
 i - a +0 pair of gloves (worn)
 j - a +0 helmet (worn)
Jewellery
 g - a ring of sustain attributes (left hand)
 s - a cursed ring of loudness {unknown}
Scrolls
 d - 2 scrolls of amnesia {unknown}
 h - 2 scrolls of random uselessness {unknown}
 m - a scroll of immolation {unknown}
 n - a scroll of blinking {unknown}
 o - a scroll of remove curse {unknown}
 t - a scroll of teleportation {unknown}
Potions
 b - a potion of cancellation
 c - 5 potions of blood
 e - a potion of invisibility
 f - 2 potions of agility
 k - a potion of heal wounds {unknown}
 l - a potion of lignification {unknown}
 p - a potion of curing {unknown}
 u - a potion of brilliance {unknown}
Books
 q - a book of Callings

   Spells                             Type                      Level
   a - Summon Small Mammal            Summoning                    1
   b - Call Imp                       Summoning                    2
   c - Call Canine Familiar           Summoning                    3
   d - Summon Guardian Golem          Hexes/Summoning              3
   e - Summon Lightning Spire         Summoning/Air                4
   f - Summon Ice Beast               Ice/Summoning                4


   Skills:
 - Level 2.6 Fighting
 - Level 0.7 Armour
 - Level 2.1 Dodging
 + Level 5.3 Unarmed Combat


You had 2 spell levels left.
You didn't know any spells.

Dungeon Overview and Level Annotations

Branches:
Dungeon (3/15)

Altars:
Dithmenos


Innate Abilities, Weirdness & Mutations

You have razor-sharp teeth.
You have supernaturally acute eyesight.
You can survive without breathing.


Message History

You see here a bat corpse.
You bottle the corpse's blood.
You see here a potion of blood.
Found a scroll labeled RAETUR VATY.
You hear Xom's avuncular chuckle.
The worm changes into a hell hound!
The hell hound bites you.
You punch the hell hound!
The hell hound is moderately wounded.
The hell hound breathes flames at you. The blast of flame hits you!
Ouch! That really hurt!
* * * LOW HITPOINT WARNING * * *
Xom is interested.
Read which item? (? for menu, Esc to quit)
Okay, then.
Drink which item? (? for menu, Esc to quit)
You fade into invisibility!
The hell hound bites you.
You die...
Xom guffaws!

...###......
#######....... .....#.##
.....##.......#.#.#.....
.....##....# #..#.?...#
.....##...####.# .....##
.....#.....#...##.......
....<...................
.......####...#.........
......##.....!..@h......
....)....##..##.........
.............###........
.##..........# ##...##..
# ..##.......# #### .
#.# ......$# #. .......#
#. ..$.... #. .....


You could see a hell hound shaped shifter.

Vanquished Creatures
  An adder (D:2)
  A gnoll (D:1)
  An ooze (D:2)
  A worm (D:2)
  2 giant geckos
  4 bats
  5 giant cockroaches
  5 goblins (D:1)
  4 hobgoblins
  2 quokkas (D:2)
  A ball python (D:1)
  A bat (shapeshifter) (D:1)
  A giant newt (D:2)
  3 kobolds
  4 rats
36 creatures vanquished.

Notes
Turn   | Place    | Note
--------------------------------------------------------------
     0 | D:1      | Alarkh the Vampire Chaos Knight began the quest for the Orb.
     0 | D:1      | Reached XP level 1. HP: 17/17 MP: 1/1
   163 | D:1      | Reached skill level 4 in Unarmed Combat
   163 | D:1      | Reached XP level 2. HP: 17/23 MP: 2/2
   174 | D:1      | XOM: silly message
   269 | D:1      | XOM: harmless Air miscast
   536 | D:1      | XOM: polymorph hobgoblin -> gnoll
   729 | D:2      | Reached XP level 3. HP: 28/28 MP: 3/3
  1013 | D:2      | XOM: mild Erth miscast
  1101 | D:2      | Found a shadowy altar of Dithmenos.
  1162 | D:2      | Reached skill level 5 in Unarmed Combat
  1243 | D:2      | XOM: enchant monster (bad)
  1580 | D:3      | Noticed a hell hound
  1580 | D:3      | a worm changed into a hell hound
  1580 | D:3      | XOM: polymorph worm -> hell hound
  1582 | D:3      | Slain by a hell hound (shapeshifter)

Skill      XL: |  1  2  3 |
---------------+----------+-----
Unarmed Combat | 4 5 |  5.3
Fighting       | |  2.6
Armour         | |  0.7
Dodging        | |  2.1

Action                   || total
-------------------------++-------
Melee: Unarmed           ||   150
       Bite              ||    13
       Punch             ||     3
  Use: Potion            ||     6
       Scroll            ||     3
Armor: Leather armour    ||    48
Dodge: Dodged            ||    87
